 Dungeon Crawl Stone Soup version 0.22.0-49-gab54619674 (webtiles) character file.

55 Kaderl the Charmwright (level 4, -1/33 HPs)
             Began as a Human Skald on Sept 7, 2018.
             Slain by a worm (9 damage)
             ... on level 3 of the Dungeon.
             The game lasted 00:07:34 (1902 turns).

Kaderl the Charmwright (Human Skald)                Turns: 1902, Time: 00:07:35

Health: -1/33      AC:  6    Str: 12    XL:     4   Next: 14%
Magic:  3/7        EV: 11    Int: 14    God:
Gold:   65         SH:  0    Dex: 12    Spells: 4/7 levels left

rFire    . . .     SeeInvis .   a - +0 falchion
rCold    . . .     Gourm    .   (no shield)
rNeg     . . .     Faith    .   l - +0 ring mail
rPois    .         Spirit   .   (no helmet)
rElec    .         Reflect  .   (no cloak)
rCorr    .         Harm     .   c - +0 pair of gloves
MR       .....                  (no boots)
Stlth    +.........             (no amulet)
HPRegen  0.11/turn              (no ring)
MPRegen  0.10/turn              (no ring)

@: infused (expiring), very slow
A: no striking features
a: no special abilities


You were on level 3 of the Dungeon.
You were not hungry.

You visited 1 branch of the dungeon, and saw 3 of its levels.

You collected 65 gold pieces.

Inventory:

Hand Weapons
 a - a +0 falchion (weapon)
Armour
 c - a +0 pair of gloves (worn)
 l - a +0 ring mail (worn)
Jewellery
 b - an uncursed ring of flight
 m - an uncursed ring of protection from magic {unknown}
 n - a +4 amulet of reflection {unknown}
Scrolls
 g - a scroll of teleportation {unknown}
 h - 5 scrolls of identify
 i - 2 scrolls of fear
 j - 4 scrolls of amnesia
 p - a scroll of remove curse
Potions
 e - 2 potions of haste {unknown}
 f - a potion of curing {unknown}
 k - a potion of lignification {unknown}
 o - a potion of magic {unknown}
Comestibles
 d - a ration


   Skills:
 + Level 2.2 Fighting
 + Level 3.0 Long Blades
 + Level 1.1 Armour
 + Level 2.2 Dodging
 + Level 0.2 Stealth
 + Level 2.3 Spellcasting
 + Level 3.4 Charms


You had 4 spell levels left.
You knew the following spells:

 Your Spells              Type           Power        Failure   Level  Hunger
a - Infusion              Chrm           ##..         13%         1    #......
b - Song of Slaying       Chrm           ##......     21%         2    ###....

Your spell library contained the following spells:

 Spells                   Type           Power        Failure   Level  Hunger
 Shroud of Golubria       Chrm/Tloc      #.........   36%         2    ###....
 Regeneration             Chrm/Necr      #.........   61%         3    ###....
 Spectral Weapon          Hex/Chrm       #.......     61%         3    ###....


Dungeon Overview and Level Annotations

Branches:
Dungeon (3/15)

Altars:


Message History

The worm is moderately wounded.
Your unstable footing causes you to fumble your attack.
You hit the worm.
The worm is severely wounded.
The worm bites you.
* * * LOW HITPOINT WARNING * * *
You hit the worm.
The worm is almost dead.
Your magical infusion is running out.
The worm splashes around in the water.
Your unstable footing causes you to fumble your attack.
The worm bites you.
* * * LOW HITPOINT WARNING * * *
You hit the worm.
The worm is almost dead.
Your unstable footing causes you to fumble your attack.
The worm splashes around in the water.
Your unstable footing causes you to fumble your attack.
The worm bites you!
You die...

#.# #..# #.#
#.#
##..#####.##
#.#
#...).......
###.####
#...#####.##
#......# #.....
...# #.#.##.#
##...#######
#######.##
#..##
##≈≈≈≈≈##≈#
...#
#≈#####@#≈####.
#≈# #w#≈# #.
#.# #≈#≈# #≈#
#≈#.# #≈# #≈#≈#
#≈# .##.#
#†#######.#
##≈≈≈≈†≈.##
#########


You could see a worm.

Vanquished Creatures
  An adder (D:2)
  A worm (D:3)
  2 dart slugs (D:2)
  2 leopard geckos
  4 bats
  A giant cockroach (D:3)
  6 goblins
  3 hobgoblins
  3 jackals (D:3)
  A ball python (D:1)
  2 frilled lizards
  3 kobolds
  8 rats
37 creatures vanquished.

Notes
Turn   | Place    | Note
-------+----------+-------------------------------------------
     0 | D:1      | Kaderl the Human Skald began the quest for the Orb.
     0 | D:1      | Reached XP level 1. HP: 16/16 MP: 3/3
   393 | D:1      | Reached XP level 2. HP: 19/22 MP: 0/5
  1078 | D:2      | Reached XP level 3. HP: 27/27 MP: 1/6
  1228 | D:2      | Learned a level 2 spell: Song of Slaying
  1841 | D:3      | Reached XP level 4. HP: 15/33 MP: 1/7
  1902 | D:3      | Slain by a worm

Skill      XL: |  1  2  3  4 |
---------------+-------------+-----
Long Blades    | 3 |  3.0
Fighting       | |  2.2
Armour         | |  1.1
Dodging        | |  2.2
Stealth        | |  0.2
Spellcasting   | |  2.3
Charms         | |  3.4

Action                   |  1- 3 |  4- 6 || total
-------------------------+-------+-------++-------
Melee: Falchion          |   123 |    18 ||   141
 Cast: Infusion          |    16 |     1 ||    17
       Song of Slaying   |     1 |       ||     1
  Use: Scroll            |     7 |       ||     7
  Eat: Ration            |     1 |     1 ||     2
Armor: Ring mail         |    51 |     1 ||    52
Dodge: Dodged            |    91 |     9 ||   100
       Rpst.: Falchion   |    23 |     1 ||    24
